 Dungeon Crawl Stone Soup version 0.19-a0-559-ga3d69d0 (webtiles) character file.

151 beholder the Skirmisher (level 5, -14/47 HPs)
             Began as a Hill Orc Fighter on June 8, 2016.
             Demolished by an ogre
             ... wielding a +0 giant club
              (22 damage)
             ... on level 3 of the Dungeon.
             The game lasted 00:09:34 (2424 turns).

beholder the Skirmisher (Hill Orc Fighter)          Turns: 2424, Time: 00:09:35

Health: -14/47     AC:  7    Str: 20    XL:     5   Next: 33%
Magic:  5/5        EV:  7    Int:  8    God:
Gold:   85         SH:  9    Dex: 10    Spells: 0 memorised, 4 levels left

rFire  . . .     SeeInvis .     a - +0 war axe
rCold  . . .     Gourm    .     b - +0 scale mail
rNeg   . . .     Faith    .     c - +0 shield
rPois  .         Spirit   .     (no helmet)
rElec  .         Dismiss  .     (no cloak)
rCorr  .         Reflect  .     (no gloves)
SustAt .         Harm     .     (no boots)
MR     .....                    (no amulet)
Stlth  ..........               (no ring)
                                (no ring)

@: not resistant to hostile enchantments, extremely unstealthy
A: no striking features
a: no special abilities


You were on level 3 of the Dungeon.
You were not hungry.

You visited 1 branch of the dungeon, and saw 3 of its levels.

You collected 85 gold pieces.

Inventory:

Hand Weapons
 a - a +0 war axe (weapon)
Armour
 b - a +0 scale mail (worn)
 c - a +0 shield (worn)
Scrolls
 e - 5 scrolls of identify {unknown}
 j - 5 scrolls of teleportation {unknown}
 l - a scroll of magic mapping {unknown}
 p - a scroll of noise {unknown}
 q - a scroll of random uselessness {unknown}
 r - a scroll of immolation {unknown}
 t - a scroll of fog {unknown}
Potions
 d - 2 potions of might
 h - a potion of agility {unknown}
 i - 2 potions of flight {unknown}
 k - a potion of cure mutation {unknown}
 m - 2 potions of curing {unknown}
 n - a potion of mutation {unknown}
 s - a potion of ambrosia {unknown}
Comestibles
 f - 3 bread rations
 o - 2 beef jerkies


   Skills:
 + Level 4.7 Fighting
 + Level 4.0 Axes
 + Level 4.2 Armour
 + Level 4.3 Shields


You had 4 spell levels left.
You didn't know any spells.

Dungeon Overview and Level Annotations

Branches:
Dungeon (3/15)

Altars:
Ashenzari
Elyvilon
Yredelemnul


Message History

You hit the ogre.
The ogre is heavily wounded.
The ogre closely misses you.
Press: ? - help, v - describe, . - travel
Here: an ogre, wielding a giant club (heavily wounded)
The floor, spattered with blood.
Your shield prevents you from hitting the ogre.
The ogre is heavily wounded.
The ogre hits you with a giant club!
You take 17 damage, and have 20/47 hp.
MASSIVE DAMAGE!!
You hit the ogre but do no damage.
The ogre is heavily wounded.
The ogre hits you with a giant club!
* * * LOW HITPOINT WARNING * * *
You take 12 damage, and have 8/47 hp.
MASSIVE DAMAGE!!
It was a potion of cancellation.
You feel magically purged.
Your shield prevents you from hitting the ogre.
The ogre is heavily wounded.
The ogre hits you with a giant club!!
You die...

#..##............# #...#
#.######.####.##########.###
#.#
#......##..[........######
#.#
######.##.#######.#......#
#.# #.##.# #.######.# #.#
#.##.# #.# #.# #.# #[##.#
#.# #O# #.# .##O# ... #.#
#.# #@# ###.####.# #.# ###
#...... #.# #####.# #.#
###.# #.# .... #.## ##.#
#..# #.. ##.# ####. #.#
..#####....


You could see an ogre.

Vanquished Creatures
  Terence (D:3)
  A worker ant (D:3)
  2 adders (D:2)
  2 oozes (D:3)
  2 worms (D:3)
  3 dart slugs
  2 giant geckos
  4 orcs
  5 goblins (D:1)
  4 hobgoblins
  6 jackals
  A quokka (D:3)
  11 bats
  A giant newt (D:3)
  7 kobolds
  8 rats
60 creatures vanquished.

Notes
Turn   | Place    | Note
--------------------------------------------------------------
     0 | D:1      | beholder the Hill Orc Fighter began the quest for the Orb.
     0 | D:1      | Reached XP level 1. HP: 19/19 MP: 1/1
    81 | D:1      | Reached XP level 2. HP: 27/27 MP: 2/2
   246 | D:1      | Reached XP level 3. HP: 14/33 MP: 3/3
  1565 | D:3      | Reached XP level 4. HP: 40/40 MP: 4/4
  1567 | D:3      | Noticed Terence
  1670 | D:3      | Found a white marble altar of Elyvilon.
  1770 | D:3      | Found a shattered altar of Ashenzari.
  1782 | D:3      | Killed Terence
  1934 | D:3      | Reached XP level 5. HP: 47/47 MP: 5/5
  1960 | D:3      | Found a basalt altar of Yredelemnul.
  2356 | D:3      | Noticed an ogre
  2424 | D:3      | Demolished by an ogre

Vault maps used:
D:1:      ncdulo_lavacross
D:2:      first_bread
D:3:      marbit_many_paths, ashenzari_conservatory_becter,
          kennysheep_ying_yang, minivault_24, uniq_terence

Skill      XL: |  1  2  3  4 |
---------------+-------------+-----
Axes           | 3 4 |  4.0
Fighting       | 4 |  4.7
Shields        | 4 |  4.3
Armour         | 4 |  4.2

Action                   |  1- 3 |  4- 6 || total
-------------------------+-------+-------++-------
Melee: War axe           |   134 |    83 ||   217
  Use: Potion            |       |     1 ||     1
  Eat: Chunk             |     1 |     4 ||     5
Armor: Scale mail        |    75 |    24 ||    99
Dodge: Dodged            |    57 |    25 ||    82
Block: Shield            |    87 |    36 ||   123
